 Dungeon Crawl Stone Soup version 0.26-a0-639-g72c4674329 (webtiles) character file.

Game seed: 18429027385069402915

189 Lanoc the Cudgeler (level 5, 0/53 HPs)
             Began as a Troll Berserker on Sept 27, 2020.
             Was a Believer of Trog.
             Slain by an orc
             ... wielding a +0 falchion
              (9 damage)
             ... on level 3 of the Dungeon.
             The game lasted 00:02:30 (1311 turns).

Lanoc the Cudgeler (Troll Berserker)                Turns: 1311, Time: 00:02:30

Health: 0/53       AC:  6    Str: 25    XL:     5   Next: 40%
Magic:  4/4        EV: 10    Int:  3    God:    Trog [**....]
Gold:   68         SH:  0    Dex: 10    Spells: 4/4 levels left

rFire    . . .     SeeInvis .   a - +0 mace
rCold    . . .     Faith    .   (no shield)
rNeg     . . .     Spirit   .   b - +0 animal skin
rPois    .         Reflect  .   (helmet restricted)
rElec    .         Harm     .   (no cloak)
rCorr    .         Rampage  .   (gloves unavailable)
MR       .....                  (boots unavailable)
Stlth    +.........             (no amulet)
HPRegen  0.57/turn              (no ring)
MPRegen  0.09/turn              (no ring)

@: no status effects
A: large, unfitting armour, claws 3, regeneration 1, shaggy fur 1, tough skin 3
a: Berserk, Trog's Hand, Renounce Religion


You were on level 3 of the Dungeon.
You worshipped Trog.
Trog was pleased with you.
You visited 1 branch of the dungeon, and saw 4 of its levels.

You collected 68 gold pieces.

Inventory:

Hand Weapons
 a - a +0 mace (weapon)
Armour
 b - a +0 animal skin (worn)
Wands
 g - a wand of flame (18)
Scrolls
 c - 2 scrolls of identify {unknown}
 e - 2 scrolls of teleportation {unknown}
 f - a scroll of amnesia {unknown}
 i - a scroll of blinking {unknown}
Potions
 d - 3 potions of brilliance
 h - 2 potions of degeneration {unknown}


   Skills:
 + Level 3.2 Fighting
 * Level 4.4 Maces & Flails
 + Level 3.2 Dodging


You had 4 spell levels left.
You didn't know any spells.
Your spell library was empty.

Dungeon Overview and Level Annotations

Branches:
Dungeon (4/15)
 Temple: D:4-7

Altars:


Innate Abilities, Weirdness & Mutations

You are too large for most types of armour.
You have claws for hands.
Your natural rate of healing is unusually fast.
You are covered in fur. (AC +1)
You have extremely tough skin. (AC +3)


Message History

The hound barely misses you. The hound bites you but does no damage.
You hit the hound.
The hound is almost dead.
The hound bites you.
* * * LOW HITPOINT WARNING * * *
You barely miss the hound.
The hound is almost dead.
The hound bites you.
* * * LOW HITPOINT WARNING * * *
The hound bites you.
* * * LOW HITPOINT WARNING * * *
You hit the hound.
You kill the hound!
Trog accepts your kill.
You recover from your berserk rage.
The orc barely misses you.
You closely miss the orc.
The orc is heavily wounded.
The orc hits you with a +0 falchion!
You die...

#..# #.............#
##.###..............
#..##.........#####
#######.##.............. ########
#........#.............#
.......###...(....#.......÷.###.#
.............(.)..).....##### #.#
............#(####).....# #####'#
............#.#.@o[.##### #......
.##.........#.#.##..# #......
.#..........#.#.###>##### #......
.#.........<....##......# #......
.#....#######.####......# #......
.#.......†..#.# #......# #......
##.....####.#.# #......# #......
#.....# #.#.####......# #......
#.....# #.#....'...<..# #######


You could see an orc.

Vanquished Creatures
  A hound (D:3)
  2 orc wizards
  A worker ant (D:3)
  3 adders
  2 oozes
  3 worms (D:3)
  A leopard gecko (D:1)
  6 orcs
  4 bats
  2 goblins
  A hobgoblin (D:3)
  4 kobolds
  A ball python (D:1)
  3 frilled lizards (D:1)
  7 rats
41 creatures vanquished.

Notes
Turn   | Place    | Note
-------+----------+-------------------------------------------
     0 | D:1      | Lanoc the Troll Berserker began the quest for the Orb.
     0 | D:1      | Reached XP level 1. HP: 22/22 MP: 0/0
   128 | D:1      | Reached skill level 3 in Maces & Flails
   150 | D:1      | Reached XP level 2. HP: 28/29 MP: 1/1
   384 | D:3      | Reached XP level 3. HP: 36/36 MP: 2/2
   623 | D:3      | Reached XP level 4. HP: 39/44 MP: 3/3
   632 | D:3      | HP: 3/67 [orc/+0 flail (5)]
   637 | D:3      | HP: 2/45 [orc/+0 trident (2)]
   650 | D:3      | Reached ** piety under Trog
   988 | D:3      | Reached skill level 4 in Maces & Flails
  1264 | D:4      | Noticed an ogre
  1275 | D:4      | Noticed an ogre
  1300 | D:3      | Reached XP level 5. HP: 14/53 MP: 4/4
  1311 | D:3      | Slain by an orc

Illustrated notes

Levels and vault maps discovered:
D:1:      ncdulo_smallfort, layout_basic
D:2:      layout_loops_ring, nicolae_overflow_crystal_walls,
          gammafunk_temple_overflow_pools, uniq_terence
D:3:      layout_basic, chequers_garden
D:4:      layout_basic, serial_shops, shop_statue, okawaru_altar_gauntlet_db,
          uniq_robin, uniq_pikel

Skill      XL: |  1  2  3  4 |
---------------+-------------+-----
Maces & Flails | 3 4 |  4.4
Fighting       | 3 |  3.2
Dodging        | 3 |  3.2

Action                   |  1- 3 |  4- 6 || total
-------------------------+-------+-------++-------
Melee: Mace              |   102 |    69 ||   171
Invok: Berserk           |     3 |     1 ||     4
  Use: Potion            |       |     2 ||     2
Armor: Animal skin       |    49 |    47 ||    96
Dodge: Dodged            |    77 |    84 ||   161

Table legend: (Time is in decaauts)
 A = Elapsed time spent in this place.
 B = Non-inter-level travel time spent in this place.
 C = Inter-level travel time spent in this place.
 D = Time resting spent in this place.
 E = Time spent auto-exploring this place.
 F = Levels seen in this place.
 G = Mean time per level.
                   A        B        C        D        E       F      G
               +--------+--------+--------+--------+--------+-----+--------+
         Total |   1371 |   1344 |     27 |      0 |    954 |   4 |  342.8 |
       Dungeon |   1371 |   1344 |     27 |      0 |    954 |   4 |  342.8 |
               +--------+--------+--------+--------+--------+-----+--------+

Top non-repeatable levels by time:
     D:3: 960 daAuts
     D:1: 283 daAuts
     D:2: 95 daAuts
     D:4: 32 daAuts
